 Dungeon Crawl Stone Soup version 0.31-a0-496-g6f97920a28 (webtiles) character file.

Game seed: 11323399586632151409

81 randomguy2701 the Stinger (level 4, 0/27 HPs)
             Began as an Octopode Venom Mage on Aug 8, 2023.
             Slain by a black bear (6 damage)
             ... on level 3 of the Dungeon.
             The game lasted 00:03:27 (2342 turns).

randomguy2701 the Stinger (Octopode Venom Mage)     Turns: 2342, Time: 00:03:30

Health: 0/27       AC:  1    Str:  7    XL:     4   Next: 42%
Magic:  2/8        EV: 13    Int: 19    God:
Gold:   31         SH:  0    Dex: 12    Spells: 3/8 levels left

rFire   . . .        (no weapon)
rCold   . . .        (no shield)
rNeg    . . .        (helmet restricted)
rPois   .            (no amulet)
rElec   .            (no ring)
rCorr   .            (no ring)
SInv    .            (no ring)
Will    .....        (no ring)
Stlth   +++          (no ring)
HPRegen 0.24/turn    (no ring)
MPRegen 0.11/turn    (no ring)
                     (no ring)

%: no passive effects
@: no status effects
A: almost no armour, amphibious, 8 rings, camouflage 1, gelatinous body 1,
(nimble swimmer 1), tentacles
a: no special abilities


You were on level 3 of the Dungeon.
You visited 1 branch of the dungeon, and saw 3 of its levels.

You collected 31 gold pieces.

Inventory:

Scrolls
 b - a scroll of identify {unknown}
 c - a scroll of noise {unknown}
 d - 3 scrolls of enchant weapon {unknown}
 e - a scroll of revelation {unknown}
 f - a scroll of vulnerability {unknown}
 g - a scroll of fog {unknown}
 h - a scroll of acquirement {unknown}
 i - 2 scrolls of blinking {unknown}
Potions
 a - a potion of magic
 j - 2 potions of resistance {unknown}
 k - a potion of enlightenment {unknown}
 l - a potion of haste {unknown}


   Skills:
 + Level 0.9 Fighting
 + Level 2.0 Dodging
 + Level 2.9 Stealth
 + Level 0.1 Unarmed Combat
 + Level 2.8 Spellcasting
 + Level 2.3 Transmutations
 + Level 4.3 Poison Magic


You had 3 spell levels left.
You knew the following spells:

 Your Spells              Type           Power      Damage    Failure   Level
a - Sting                 Tmut/Pois      60%        1d6       4%          1
b - Olgreb's Toxic Radia  Pois           19%        N/A       26%         4

Your spell library contained the following spells:

 Spells                   Type           Power      Damage    Failure   Level
 Poisonous Vapours        Pois/Air       20%        N/A       10%         2
 Freeze                   Ice            8%         1d3       16%         1
 Sublimation of Blood     Necr           2%         N/A       24%         2
 Mephitic Cloud           Conj/Pois/Air  8%         N/A       26%         3
 Frozen Ramparts          Ice            4%         1d1       43%         3
 Hailstorm                Conj/Ice       2%         3d3       43%         3
 Petrify                  Tmut/Erth      7%         N/A       67%         4
 Irradiate                Conj/Tmut      3%         3d12      95%         5


Dungeon Overview and Level Annotations

Branches:
Dungeon (3/15)

Altars:

Shops:
D:1 :


Innate Abilities, Weirdness & Mutations

You cannot wear most types of armour.
You are amphibious.
You can wear up to eight rings at the same time.
Your skin changes colour to match your surroundings (Stealth+).
Your rubbery body absorbs attacks. (AC +1, EV +1)
((You are camouflaged when in or above water. (Stealth+)))
You have tentacles for arms and can constrict up to eight enemies at once.


Message History

A black bear comes into view.
You can't see any susceptible monsters within range! (Use Z to cast anyway.) This spell is astonishingly dangerous to cast!
You start memorising the spell.
You continue memorising. x4
You finish memorising.
Spell assigned to 'b'.
You can't see any susceptible monsters within range! (Use Z to cast anyway.)
There are no items here.
The sting hits the goblin.
The goblin is poisoned.
The goblin is moderately wounded.
The sting hits the goblin.
The goblin looks even sicker.
The goblin is heavily wounded.
The sting hits the goblin.
The goblin looks even sicker.
You kill the goblin!
Search for what [? for help]? weapon
Casting: Sting (safe; 4% risk of failure)
Confirm with . or Enter, or press ? or * to list all spells.
You begin to radiate toxic energy.
The black bear is poisoned.
Your toxic aura wanes.
The black bear looks more healthy.
Casting: Olgreb's Toxic Radiance (astonishingly dangerous; 26% risk of failure)
Confirm with . or Enter, or press ? or * to list all spells.
You begin to radiate toxic energy.
The black bear is poisoned.
The black bear looks even sicker.
Your toxic aura wanes.
The black bear goes berserk!
The black bear bites you but does no damage.
The black bear closely misses you. The black bear barely misses you.
The black bear attacks as you move away!
The black bear misses you. The black bear closely misses you.
The black bear claws you. The black bear closely misses you.
The black bear claws you. The black bear claws you!
The black bear attacks as you move away!
The black bear closely misses you. x2; The black bear claws you.
The black bear attacks as you move away!
The black bear closely misses you. The black bear claws you.
* * * LOW HITPOINT WARNING * * *
The black bear claws you.
* * * LOW HITPOINT WARNING * * *
The black bear closely misses you. The black bear claws you.
You die...

............# ............#
.##########.# ..(..# #.#
P~~~.### #.# ..P~...# #.#
##.⌠...####.#
...⌠.#....#.##################
##.⌠.###.##....h@............#
...~.#<#.###################.#
~~⌠~.#.#.# #.# .......#.# #.#
......##.# #.# ########.###
#.# #...# #.#
###.#################.#
#...................#


You could see a black bear (berserk, poisoned).

Vanquished Creatures
  A gnoll (D:1)
  Robin (D:2)
  An adder (D:3)
  3 dart slugs
  A ball python (D:2)
  An endoplasm (D:1)
  2 giant cockroaches (D:2)
  15 goblins
  5 hobgoblins
  A kobold (D:1)
  2 quokkas
  5 bats
  A frilled lizard (D:1)
  3 rats (D:2)
42 creatures vanquished.

Notes
Turn   | Place    | Note
-------+----------+-------------------------------------------
     0 | D:1      | randomguy2701 the Octopode Venom Mage began the quest for
                  | the Orb.
     0 | D:1      | Reached XP level 1. HP: 11/11 MP: 3/3
   234 | D:1      | Reached XP level 2. HP: 17/17 MP: 0/5
   591 | D:1      | Reached skill level 4 in Poison Magic
   636 | D:1      | Found Weren's Book Shoppe.
   934 | D:1      | Reached XP level 3. HP: 12/21 MP: 0/6
  1380 | D:2      | Noticed Robin
  1407 | D:2      | Killed Robin
  1552 | D:2      | Reached XP level 4. HP: 27/27 MP: 2/7
  2188 | D:3      | Found a faded altar of an unknown god.
  2281 | D:3      | Noticed a black bear
  2290 | D:3      | Learned a level 4 spell: Olgreb's Toxic Radiance
  2342 | D:3      | Slain by a black bear

Illustrated notes

Levels and vault maps discovered:
D:1:      dpeg_arrival_solitude, layout_loops_ring, serial_shops, shop,
          serial_park_tiny_2, minivault_27, chequers_serial_rivers_micro_a
D:2:      layout_basic, hangedman_decor_points, uniq_robin
D:3:      layout_basic, shapermc_ecumenical_altar_acropolis,
          wad_floor_pattern_1, uniq_crazy_yiuf_cottage

Skill      XL: |  1  2 |
---------------+-------+-----
Poison Magic   | 4 |  4.3
Transmutations | 2 |  2.3
Fighting       | |  0.9
Dodging        | |  2.0
Stealth        | |  2.9
Unarmed Combat | |  0.1
Spellcasting   | |  2.8

Action                     |  1- 3 |  4- 6 || total
---------------------------+-------+-------++-------
  Melee: Unarmed           |    13 |     4 ||    17
         Constrict         |     5 |     2 ||     7
         Tentacles         |     2 |     2 ||     4
   Cast: Sting             |    59 |    26 ||    85
         Olgreb's Toxic Ra |       |     2 ||     2
 Armour: Skin              |     2 |     2 ||     4
  Dodge: Dodged            |    20 |    19 ||    39

Table legend: (Time is in decaauts)
 A = Elapsed time spent in this place.
 B = Non-inter-level travel time spent in this place.
 C = Inter-level travel time spent in this place.
 D = Time resting spent in this place.
 E = Time spent auto-exploring this place.
 F = Levels seen in this place.
 G = Mean time per level.
                   A        B        C        D        E       F      G
               +--------+--------+--------+--------+--------+-----+--------+
         Total |   2340 |   2187 |    153 |      0 |   1882 |   3 |  780.0 |
       Dungeon |   2340 |   2187 |    153 |      0 |   1882 |   3 |  780.0 |
               +--------+--------+--------+--------+--------+-----+--------+

Top non-repeatable levels by time:
     D:1: 1124 daAuts
     D:2: 1057 daAuts
     D:3: 158 daAuts
